PCL
HAWAII ISLANDERS @ TUCSON TOROS
06/17/1982
 
TOP OF THE 1ST
Hawaii Islanders batting - Pitching for Tucson Toros : RHP Rex Jackson
Pitching: RHP Rex Jackson
Batting: LHB Leo Sutherland 0-0: Foul Ball, location: 2F
0-1: Ground out 6-3 (Groundball, 6M, EV 111.9 MPH)
Batting: RHB Joe Strain 0-0: Foul Ball, location: 2F
0-1: Ball
1-1: Ball
2-1: DOUBLE (Groundball, 5L, EV 102.5 MPH)
Batting: LHB Dom Fucci 0-0: Ball
1-0: Ball
2-0: Ball
3-0: Base on Balls
Batting: LHB Jerry Willard 0-0: Ball
1-0: Ball
2-0: Swinging Strike
2-1: Foul Ball, location: 2F
2-2: Ball
3-2: Base on Balls
Joe Strain to third
Dom Fucci to second
Batting: RHB Dave L Stapleton 0-0: Ball
1-0: Called Strike
1-1: Called Strike
1-2: Ball
2-2: Foul Ball, location: 2F
2-2: Foul Ball, location: 2F
2-2: Fly out, F7 (Line Drive, 7, EV 97.5 MPH)
Runner from 3rd tags up, SCORES, throw by LF
Batting: RHB Chris Nyman 0-0: Called Strike
0-1: Ball
1-1: Swinging Strike
1-2: Ball
2-2: Foul Ball, location: 2F
2-2: Ground out 4-3 (Groundball, 4, EV 83.8 MPH)
Top of the 1st over - 1 run, 1 hit, 0 errors, 2 left on base; Hawaii 1 - Tucson 0
BOTTOM OF THE 1ST
Tucson Toros batting - Pitching for Hawaii Islanders : RHP Robert Leonard
Pitching: RHP Robert Leonard
Batting: LHB Juan Bustabad 0-0: Ball
1-0: Called Strike
1-1: Called Strike
1-2: Ball
2-2: Foul Ball, location: 2F
2-2: Strikes out swinging
Batting: SHB Rodney Scott 0-0: Foul Ball, location: 2F
0-1: Ball
1-1: Ball
2-1: Swinging Strike
2-2: Ball
3-2: Foul Ball, location: 2F
3-2: Base on Balls
Batting: RHB David Holmes 0-0: Foul Ball, location: 2F
0-1: Ball
1-1: Ball
2-1: Ball
3-1: Called Strike
3-2: Foul Ball, location: 2F
3-2: Foul Ball, location: 2F
3-2: Foul Ball, location: 2F
3-2: Ground out 6-3 (Groundball, 6, EV 90.0 MPH)
Rodney Scott to second
Batting: LHB Pat Dodson 0-0: DOUBLE (Line Drive, 78M, EV 105.0 MPH)
Rodney Scott scores
Batting: LHB Tim Krauss 0-0: Foul Ball, location: 2F
0-1: Foul Ball, location: 2F
0-2: Ball
1-2: Ground out 6-3 (Groundball, 56D, EV 103.1 MPH)
Bottom of the 1st over - 1 run, 1 hit, 0 errors, 1 left on base; Hawaii 1 - Tucson 1
TOP OF THE 2ND
Hawaii Islanders batting - Pitching for Tucson Toros : RHP Rex Jackson
Batting: LHB Joe DeSa 0-0: Ball
1-0: Ball
2-0: Foul Ball, location: 2F
2-1: Foul Ball, location: 2F
2-2: Ground out 4-3 (Groundball, 4M, EV 102.5 MPH)
Batting: RHB Jon Hansen 0-0: Ground out 1-3 (Groundball, P, EV 71.9 MPH)
Batting: RHB Michael Hanson 0-0: Ball
1-0: Called Strike
1-1: Foul Ball, location: 2F
1-2: Ball
2-2: Ball
3-2: Base on Balls
Batting: LHB Leo Sutherland 0-0: Ball
1-0: Fly out, F7 (Flyball, 7S, EV 94.4 MPH)
Top of the 2nd over - 0 runs, 0 hits, 0 errors, 1 left on base; Hawaii 1 - Tucson 1
BOTTOM OF THE 2ND
Tucson Toros batting - Pitching for Hawaii Islanders : RHP Robert Leonard
Batting: SHB Michael Miara 0-0: Ball
1-0: Ball
2-0: Ball
3-0: Base on Balls
Batting: LHB Danny Garcia 0-0: Ball
1-0: Ball
2-0: Ball
3-0: Base on Balls
Michael Miara to second
Batting: SHB Kevin King 0-0: Ball
1-0: Called Strike
1-1: Swinging Strike
1-2: Strikes out looking
Batting: RHB Talmadge Tanks 0-0: Called Strike
0-1: Ball
1-1: Ball
2-1: Swinging Strike
2-2: Foul Ball, location: 2F
2-2: Fielders Choice at 2nd, 2-6 (Groundball, 13S, EV 61.9 MPH)
Michael Miara to third
Batting: LHB Juan Bustabad 0-0: Ground out 4-3 (Groundball, 34, EV 91.3 MPH)
Bottom of the 2nd over - 0 runs, 0 hits, 0 errors, 2 left on base; Hawaii 1 - Tucson 1
TOP OF THE 3RD
Hawaii Islanders batting - Pitching for Tucson Toros : RHP Rex Jackson
Batting: RHB Joe Strain 0-0: Ball
1-0: Ball
2-0: Ball
3-0: Called Strike
3-1: SINGLE (Groundball, 6D, EV 96.3 MPH)
Batting: LHB Dom Fucci 0-0: Ball
1-0: Called Strike
1-1: Foul Ball, location: 2F
1-2: Ball
2-2: SINGLE (Groundball, 34D, EV 93.8 MPH)
Joe Strain to second
Runner from 2nd tries for 3rd, SAFE, no throw by RF
Batting: LHB Jerry Willard 0-0: Ball
1-0: Ball
2-0: Fielders Choice at 2nd, 4-6 (Groundball, 34, EV 83.8 MPH)
Joe Strain scores
Batting: RHB Dave L Stapleton 0-0: Called Strike
0-1: Called Strike
0-2: Fly out, F8 (Flyball, 8LXD, EV 98.8 MPH)
Batting: RHB Chris Nyman 0-0: Called Strike
Jerry Willard steals 2nd base
0-1: Foul Ball, location: 2F
0-2: Foul Ball, location: 2F
0-2: Foul Ball, location: 2F
0-2: Fly out, F8 (Flyball, 89D, EV 80.6 MPH)
Top of the 3rd over - 1 run, 2 hits, 0 errors, 1 left on base; Hawaii 2 - Tucson 1
BOTTOM OF THE 3RD
Tucson Toros batting - Pitching for Hawaii Islanders : RHP Robert Leonard
Batting: SHB Rodney Scott 0-0: Ground out 6-3 (Groundball, 6, EV 86.3 MPH)
Batting: RHB David Holmes 0-0: Swinging Strike
0-1: Foul Ball, location: 2F
0-2: Foul Ball, location: 2F
0-2: SINGLE (Groundball, 34D, EV 99.4 MPH)
Batting: LHB Pat Dodson 0-0: Called Strike
0-1: Foul Ball, location: 2F
0-2: 2-RUN HOME RUN (Flyball, 78XD, EV 96.9 MPH), Distance : 420 ft
Batting: LHB Tim Krauss 0-0: Ball
1-0: Called Strike
1-1: Foul Ball, location: 2F
1-2: Strikes out swinging
Batting: SHB Michael Miara 0-0: Called Strike
0-1: Foul Ball, location: 2F
0-2: Strikes out swinging
Bottom of the 3rd over - 2 runs, 2 hits, 0 errors, 0 left on base; Hawaii 2 - Tucson 3
TOP OF THE 4TH
Hawaii Islanders batting - Pitching for Tucson Toros : RHP Rex Jackson
Batting: LHB Joe DeSa 0-0: Called Strike
0-1: Ball
1-1: Ball
2-1: Foul Ball, location: 2F
2-2: Fly out, F8 (Line Drive, 8RM, EV 92.5 MPH)
Batting: RHB Jon Hansen 0-0: Called Strike
0-1: Ball
1-1: Foul Ball, location: 2F
1-2: Ball
2-2: Ball
3-2: SINGLE (Flyball, 3D, EV 92.5 MPH)
Batting: RHB Michael Hanson 0-0: Ball
1-0: Fly out, F2 (Popup, 15S, EV 89.4 MPH)
Batting: LHB Leo Sutherland 0-0: Ball
Jon Hansen is caught stealing 2nd base 2-6
Top of the 4th over - 0 runs, 1 hit, 0 errors, 0 left on base; Hawaii 2 - Tucson 3
BOTTOM OF THE 4TH
Tucson Toros batting - Pitching for Hawaii Islanders : RHP Robert Leonard
Batting: LHB Danny Garcia 0-0: Ball
1-0: Called Strike
1-1: Ball
2-1: Ball
3-1: Foul Ball, location: 2F
3-2: Fly out, F7 (Flyball, 7D, EV 91.3 MPH)
Batting: SHB Kevin King 0-0: Ball
1-0: Swinging Strike
1-1: Ball
2-1: Swinging Strike
2-2: Foul Ball, location: 2F
2-2: Ball
3-2: Strikes out swinging
Batting: RHB Talmadge Tanks 0-0: Swinging Strike
0-1: Ball
1-1: Called Strike
1-2: Strikes out swinging
Bottom of the 4th over - 0 runs, 0 hits, 0 errors, 0 left on base; Hawaii 2 - Tucson 3
TOP OF THE 5TH
Hawaii Islanders batting - Pitching for Tucson Toros : RHP Rex Jackson
Batting: LHB Leo Sutherland 0-0: Ground out 6-3 (Groundball, 6, EV 83.1 MPH)
Batting: RHB Joe Strain 0-0: Ball
1-0: Ground out 4-3 (Groundball, 4M, EV 108.8 MPH)
Batting: LHB Dom Fucci 0-0: Foul Ball, location: 2F
0-1: Fly out, F8 (Line Drive, 8LD, EV 95.0 MPH)
Top of the 5th over - 0 runs, 0 hits, 0 errors, 0 left on base; Hawaii 2 - Tucson 3
BOTTOM OF THE 5TH
Tucson Toros batting - Pitching for Hawaii Islanders : RHP Robert Leonard
Batting: LHB Juan Bustabad 0-0: Ground out 1-3 (Groundball, 13S, EV 65.6 MPH)
Batting: SHB Rodney Scott 0-0: Called Strike
0-1: Foul Ball, location: 2F
0-2: Ball
1-2: Ball
2-2: Ball
3-2: Fly out, F7 (Flyball, 78S, EV 77.5 MPH)
Batting: RHB David Holmes 0-0: Called Strike
0-1: Ball
1-1: Ball
2-1: Foul Ball, location: 2F
2-2: Foul Ball, location: 2F
2-2: Ground out 5-3 (Groundball, 56S, EV 88.1 MPH)
Bottom of the 5th over - 0 runs, 0 hits, 0 errors, 0 left on base; Hawaii 2 - Tucson 3
TOP OF THE 6TH
Hawaii Islanders batting - Pitching for Tucson Toros : RHP Rex Jackson
Batting: LHB Jerry Willard 0-0: Foul Ball, location: 3F, Error on foul ball, E3
0-1: Foul Ball, location: 2F
0-2: SOLO HOME RUN (Flyball, 9D, EV 103.8 MPH), Distance : 379 ft
Batting: RHB Dave L Stapleton 0-0: Ground out 4-3 (Groundball, 4, EV 78.1 MPH)
Batting: RHB Chris Nyman 0-0: Fly out, F8 (Flyball, 8LXD, EV 91.3 MPH)
Batting: LHB Joe DeSa 0-0: Ball
1-0: Called Strike
1-1: Ground out 4-3 (Groundball, 4, EV 88.8 MPH)
Top of the 6th over - 1 run, 1 hit, 1 error, 0 left on base; Hawaii 3 - Tucson 3
BOTTOM OF THE 6TH
Tucson Toros batting - Pitching for Hawaii Islanders : RHP Robert Leonard
Batting: LHB Pat Dodson 0-0: Called Strike
0-1: Ball
1-1: Ball
2-1: Foul Ball, location: 2F
2-2: Strikes out swinging
Batting: LHB Tim Krauss 0-0: Called Strike
0-1: Ball
1-1: Called Strike
1-2: Fly out, F5 (Popup, 56S, EV 79.4 MPH)
Batting: SHB Michael Miara 0-0: Swinging Strike
0-1: Swinging Strike
0-2: Ball
1-2: Ground out 4-3 (Groundball, 34, EV 82.5 MPH)
Bottom of the 6th over - 0 runs, 0 hits, 0 errors, 0 left on base; Hawaii 3 - Tucson 3
TOP OF THE 7TH
Hawaii Islanders batting - Pitching for Tucson Toros : RHP Rex Jackson
Batting: RHB Jon Hansen 0-0: Called Strike
0-1: Foul Ball, location: 2F
0-2: Ball
1-2: Foul Ball, location: 2F
1-2: Foul Ball, location: 2F
1-2: Foul Ball, location: 2F
1-2: Ball
2-2: Ball
3-2: Fly out, F8 (Flyball, 89D, EV 105.6 MPH)
Pitching: LHP Jerry O'Neill
Batting: RHB Michael Hanson 0-0: Ball
1-0: Foul Ball, location: 2F
1-1: Foul Ball, location: 2F
1-2: Ball
2-2: Strikes out looking
Batting: LHB Leo Sutherland 0-0: Foul Ball, location: 2F
0-1: Foul Ball, location: 2F
0-2: Ground out 4-3 (Groundball, 34D, EV 104.4 MPH)
Top of the 7th over - 0 runs, 0 hits, 0 errors, 0 left on base; Hawaii 3 - Tucson 3
BOTTOM OF THE 7TH
Tucson Toros batting - Pitching for Hawaii Islanders : RHP Robert Leonard
Batting: LHB Danny Garcia 0-0: Called Strike
0-1: Ball
1-1: Ball
2-1: Ball
3-1: Swinging Strike
3-2: Strikes out swinging
Batting: SHB Kevin King 0-0: Called Strike
0-1: Foul Ball, location: 2F
0-2: Ball
1-2: Foul Ball, location: 2F
1-2: Strikes out swinging
Batting: RHB Talmadge Tanks 0-0: Ball
1-0: Ball
2-0: Foul Ball, location: 2F
2-1: SINGLE (Groundball, 56S, EV 75.6 MPH) (infield hit)
Batting: LHB Juan Bustabad 0-0: Ball
1-0: Ball
2-0: Ball
3-0: Called Strike
3-1: Foul Ball, location: 2F
3-2: SINGLE (Flyball, 6D, EV 87.5 MPH)
Talmadge Tanks to second
Talmadge Tanks to third
Batting: SHB Rodney Scott 0-0: Swinging Strike
0-1: Ball
1-1: Ball
2-1: Ball
3-1: Called Strike
3-2: Foul Ball, location: 2F
3-2: Strikes out looking
Bottom of the 7th over - 0 runs, 2 hits, 0 errors, 2 left on base; Hawaii 3 - Tucson 3
TOP OF THE 8TH
Hawaii Islanders batting - Pitching for Tucson Toros : LHP Jerry O'Neill
Batting: RHB Joe Strain 0-0: Ball
1-0: SINGLE (Groundball, 25, EV 74.4 MPH) (infield hit)
Batting: LHB Dom Fucci 0-0: Ball
1-0: Called Strike
1-1: Ball
2-1: Foul Ball, location: 2F
2-2: Foul Ball, location: 2F
2-2: Strikes out looking
Batting: LHB Jerry Willard 0-0: Ball
1-0: Ball
2-0: Called Strike
2-1: Grounds into double play, 5-4-3 (Groundball, 56S, EV 85.6 MPH)
Top of the 8th over - 0 runs, 1 hit, 0 errors, 0 left on base; Hawaii 3 - Tucson 3
BOTTOM OF THE 8TH
Tucson Toros batting - Pitching for Hawaii Islanders : RHP Robert Leonard
Pitching: RHP Roger Weaver
Batting: RHB David Holmes 0-0: Fly out, F8 (Flyball, 8LXD, EV 88.1 MPH)
Batting: LHB Pat Dodson 0-0: Ball
1-0: Called Strike
1-1: Ball
2-1: Ball
3-1: Foul Ball, location: 2F
3-2: Strikes out swinging
Batting: LHB Tim Krauss 0-0: Ball
1-0: Swinging Strike
1-1: Ball
2-1: Ball
3-1: SINGLE (Groundball, 34S, EV 61.3 MPH) (infield hit)
Batting: SHB Michael Miara 0-0: Ball
1-0: Ball
2-0: Ball
3-0: Called Strike
3-1: DOUBLE (Line Drive, 8RXD, EV 105.0 MPH)
Tim Krauss to third
Runner from 3rd tries for Home, SAFE, throw by CF to home
Batting: LHB Danny Garcia 0-0: Ball
1-0: Foul Ball, location: 2F
1-1: Called Strike
1-2: Foul Ball, location: 2F
1-2: Foul Ball, location: 2F
1-2: Ball
2-2: Strikes out swinging
Bottom of the 8th over - 1 run, 2 hits, 0 errors, 1 left on base; Hawaii 3 - Tucson 4
TOP OF THE 9TH
Hawaii Islanders batting - Pitching for Tucson Toros : LHP Jerry O'Neill
Pitching: RHP Mike Morgan
Pinch Hitting: SHB Charles Valley 0-0: Ball
1-0: Ball
2-0: SINGLE (Line Drive, 9LS, EV 92.5 MPH)
Batting: RHB Chris Nyman 0-0: Swinging Strike
0-1: SINGLE (Groundball, P, EV 87.5 MPH) (infield hit)
Charles Valley to second
Batting: LHB Joe DeSa 0-0: Foul Ball, location: 2F
0-1: Ball
1-1: Ball
2-1: Ball
3-1: Foul Ball, location: 2F
3-2: Strikes out swinging
Pinch Hitting: LHB Creighton Tevlin 0-0: Foul Ball, location: 2F
0-1: Grounds into double play, 4-6-3 (Groundball, 4, EV 101.9 MPH)
Top of the 9th over - 0 runs, 2 hits, 0 errors, 1 left on base; Hawaii 3 - Tucson 4
Friday, August 7th, 2020 - OOTP Baseball 21.5 Build 76